 Dungeon Crawl Stone Soup version 0.28.0-43-g3370ac3207 (webtiles) character file.

Game seed: 10898303369723562917

179 choreboyy the Cudgeller (level 5, -4/63 HPs)
             Began as a Human Berserker on Mar 11, 2022.
             Was a Believer of Trog.
             Slain by a gnoll
             ... wielding a +0 flail
              (9 damage)
             ... on level 3 of the Dungeon.
             The game lasted 00:10:26 (3876 turns).

choreboyy the Cudgeller (Human Berserker)           Turns: 3876, Time: 00:10:27

Health: -4/63      AC:  5    Str: 19    XL:     5   Next: 90%
Magic:  5/5        EV: 11    Int:  7    God:    Trog [**....]
Gold:   105        SH:  0    Dex: 13    Spells: 4/4 levels left

rFire   + . .      SeeInvis .   a - +0 mace
rCold   x . .      Faith    .   (no shield)
rNeg    . . .      Spirit   .   j - +0 ring mail
rPois   .          Reflect  .   (no helmet)
rElec   .          Harm     .   (no cloak)
rCorr   .          Rampage  .   (no gloves)
Will    .....                   (no boots)
Stlth   ..........              h - amulet of regeneration
HPRegen 1.00/turn               f - ring of fire
MPRegen 0.09/turn               (no ring)

@: berserking, very quick
A: no striking features
a: Renounce Religion, Berserk, Trog's Hand


You were on level 3 of the Dungeon.
You worshipped Trog.
Trog was pleased with you.
You visited 1 branch of the dungeon, and saw 3 of its levels.

You collected 105 gold pieces.

Inventory:

Hand Weapons
 a - a +0 mace (weapon)
Armour
 b - a +0 animal skin
 g - a +0 robe
 j - a +0 ring mail (worn)
Jewellery
 f - a ring of fire (left hand)
 h - an amulet of regeneration (around neck)
Scrolls
 c - a scroll of magic mapping {unknown}
 d - a scroll of holy word {unknown}
 e - a scroll of noise {unknown}
 i - a scroll of brand weapon {unknown}
 n - 2 scrolls of fear {unknown}
 o - a scroll of immolation {unknown}
Potions
 l - a potion of ambrosia
 m - a potion of curing


   Skills:
 + Level 3.8 Fighting
 + Level 4.2 Maces & Flails
 + Level 3.0 Armour
 + Level 3.1 Dodging
 + Level 0.8 Stealth


You had 4 spell levels left.
You didn't know any spells.
Your spell library was empty.

Dungeon Overview and Level Annotations

Branches:
Dungeon (3/15)

Altars:
Qazlal


Message History

Trog accepts your kill.
Your Armour skill increases to level 3!
You hit the orc but do no damage. The orc closely misses you.
You sock the orc!
You kill the orc!
Trog accepts your kill.
The gnoll throws a throwing net.
The throwing net hits you.
You become entangled in the net!
You struggle against the net.
You struggle against the net.
The gnoll hits you with a +0 flail.
You struggle against the net.
The gnoll hits you with a +0 flail!
You shred the net and break free! The gnoll misses you.
You barely miss the gnoll. The gnoll completely misses you.
The gnoll hits you with a +0 flail!
You hit the gnoll.
The gnoll is lightly wounded.
The gnoll hits you with a +0 flail.
You hit the gnoll.
The gnoll is moderately wounded.
The gnoll barely misses you.
You hit the gnoll but do no damage.
The gnoll is lightly wounded.
The gnoll hits you with a +0 flail.
* * * LOW HITPOINT WARNING * * *
You completely miss the gnoll.
The gnoll is lightly wounded.
The gnoll hits you with a +0 flail.
* * * LOW HITPOINT WARNING * * *
You barely miss the gnoll. Your punch misses the gnoll.
The gnoll is lightly wounded.
The gnoll closely misses you. The gnoll hits you with a +0 flail!
* * * LOW HITPOINT WARNING * * *
A red film seems to cover your vision as you go berserk!
You feel yourself moving faster!
You feel mighty! The gnoll misses you.
You completely miss the gnoll.
The gnoll is lightly wounded.
You barely miss the gnoll.
The gnoll is lightly wounded.
The gnoll hits you with a +0 flail!
You die...

# . # ....
###.........############
..>..........).g@......#
###.........##########.#
# ##### #.# ####### #.#
......# #.# ......# #.#
......# #.# ..##### #.#
....# #.#


You could see a gnoll.

Vanquished Creatures
  An orc priest (D:3)
  An orc wizard (D:3)
  3 adders
  2 gnolls (D:3)
  2 adder skeletons
  A worm (D:3)
  8 orcs
  5 endoplasms
  A giant cockroach (D:2)
  7 hobgoblins
  4 jackals (D:1)
  5 kobolds
  2 quokkas
  2 ball pythons
  5 bats
  3 frilled lizards (D:1)
  7 goblins
  3 rats
62 creatures vanquished.

Notes
Turn   | Place    | Note
-------+----------+-------------------------------------------
     0 | D:1      | choreboyy the Human Berserker began the quest for the Orb.
     0 | D:1      | Reached XP level 1. HP: 18/18 MP: 1/1
   335 | D:1      | Reached XP level 2. HP: 17/24 MP: 2/2
   934 | D:1      | Reached XP level 3. HP: 24/29 MP: 3/3
  1147 | D:1      | Reached ** piety under Trog
  1908 | D:2      | HP: 1/29 [orc/+2 vorpal mace (2)]
  2333 | D:2      | Reached XP level 4. HP: 26/35 MP: 4/4
  2942 | D:3      | Found a stormy altar of Qazlal.
  3274 | D:3      | Reached skill level 4 in Maces & Flails
  3274 | D:3      | Reached XP level 5. HP: 31/41 MP: 5/5
  3873 | D:3      | HP: 1/42 [gnoll/+0 flail (7)]
  3876 | D:3      | Slain by a gnoll

Illustrated notes

Levels and vault maps discovered:
D:1:      minmay_arrival_wavy_path, layout_loops_ring, minmay_tiny_reverse_x
D:2:      layout_rooms, kennysheep_generic_room_7
D:3:      layout_basic, old_standard_altar, ebering_ecumenical_altar_hall

Skill      XL: |  1  2  3  4  5 |
---------------+----------------+-----
Maces & Flails | 4 |  4.2
Dodging        | 3 |  3.1
Armour         | 3 |  3.0
Fighting       | |  3.8
Stealth        | |  0.8

Action                   |  1- 3 |  4- 6 || total
-------------------------+-------+-------++-------
Melee: Mace              |   108 |   113 ||   221
       Punch             |     1 |       ||     1
Throw: Throwing net      |       |     2 ||     2
Invok: Berserk           |       |     2 ||     2
  Use: Scroll            |       |     3 ||     3
 Stab: Sleeping          |     1 |       ||     1
Armor: Animal skin       |    11 |       ||    11
       Ring mail         |     6 |    27 ||    33
       Robe              |     5 |       ||     5
Dodge: Dodged            |    87 |    69 ||   156
